 Dungeon Crawl Stone Soup version 0.18.1-50-g88ac8fd (webtiles) character file.

423 Gargoyl the Covered (level 6, 0/48 HPs)
             Began as a Demonspawn Abyssal Knight on Sept 18, 2016.
             Was a Priest of Lugonu.
             Succumbed to a worker ant's poison
             ... on level 4 of the Dungeon.
             The game lasted 00:05:21 (3428 turns).

Gargoyl the Covered (Demonspawn Abyssal Knight)     Turns: 3428, Time: 00:05:21

Health: 0/48       AC:  9    Str: 14    XL:     6   Next: 63%
Magic:  8/8        EV: 10    Int: 19    God:    Lugonu [***...]
Gold:   151        SH:  0    Dex: 12    Spells: 0 memorised, 5 levels left

rFire  + . .     SeeInvis +     a - +1 hand axe
rCold  + . .     Gourm    .     w - +0 scale mail
rNeg   . . .     Faith    .     (no shield)
rPois  +         Spirit   .     (helmet unavailable)
rElec  +         Dismiss  .     (no cloak)
rCorr  +         Reflect  .     b - +0 pair of gloves
SustAt .         Harm     .     (no boots)
MR     +....                    (no amulet)
Stlth  ..........               (no ring)
                                e - ring of protection from magic

@: brilliant, lethally poisoned (0 -> -1), resistant, flying (expiring),
somewhat resistant to hostile enchantments, extremely unstealthy
A: antennae 3, icy blue scales 1, spiny 1
a: Depart the Abyss, Bend Space, Banish, Renounce Religion


You were on level 4 of the Dungeon.
You worshipped Lugonu.
Lugonu was most pleased with you.
You were very hungry.

You visited 1 branch of the dungeon, and saw 4 of its levels.
You visited the Abyss 1 time.

You collected 151 gold pieces.

Inventory:

Hand Weapons
 a - a +1 hand axe (weapon)
Armour
 b - a +0 pair of gloves (worn)
 w - a +0 scale mail (worn)
Jewellery
 e - a ring of protection from magic (left hand)
 x - an uncursed ring of protection from magic
Wands
 q - a wand of confusion (31/48)
Scrolls
 d - 4 scrolls of identify {unknown}
 f - 6 scrolls of magic mapping {unknown}
 h - 2 scrolls of remove curse {unknown}
 j - a scroll of recharging {unknown}
 k - a scroll of amnesia {unknown}
 l - 2 scrolls of teleportation {unknown}
 m - a scroll of immolation {unknown}
 o - a scroll of enchant weapon {unknown}
 s - 2 scrolls of enchant armour {unknown}
 t - a scroll of holy word {unknown}
 u - a scroll of random uselessness {unknown}
 v - a scroll of silence {unknown}
Potions
 r - a potion of brilliance
Comestibles
 c - 4 bread rations
 g - a meat ration
 n - 3 beef jerkies
 p - a slice of pizza


   Skills:
 + Level 3.8 Fighting
 + Level 2.6 Axes
 * Level 4.0 Armour
 + Level 3.6 Dodging
 + Level 1.2 Stealth
 + Level 2.8 Invocations


You had 5 spell levels left.
You didn't know any spells.

Dungeon Overview and Level Annotations

Branches:
Dungeon (4/15)
 Temple: D:4-7

Altars:


Innate Abilities, Weirdness & Mutations

You have a pair of large antennae on your head (SInv).
You are partially covered in icy blue scales (AC +1).
You are partially covered in sharp spines.


Message History

You feel sick.
* * * LOW HITPOINT WARNING * * *
You feel sick.
You reach down and open the door.
* * * LOW HITPOINT WARNING * * *
You feel sick.
Found a dazzling quarterstaff.
There is an open door here.
* * * LOW HITPOINT WARNING * * *
You feel sick.
* * * LOW HITPOINT WARNING * * *
You feel sick.
* * * LOW HITPOINT WARNING * * *
You feel sick.
* * * LOW HITPOINT WARNING * * *
You feel sick.
* * * LOW HITPOINT WARNING * * *
You feel sick.
You are starting to lose your buoyancy.
You die...

##.## #<# ##.....## #.#
#.......# ##+##
#)......# #...## #
#.......# .....## #.####
#.....# # ......## ##
...# ##....### .......#
##...##.########...#.##.
.......+
.......@..............'.
....<..#
##...##.########...#.##.
......## ## #.#
##.##.### .....## ..#
####.# # #...## ##.. #.#
##'## ##. #.# ##.# . #.#
...# ## ..# ##.####


There were no monsters in sight!

Vanquished Creatures
  An ogre (D:3)
  The ghost of drd the Sneak, an amateur OpAs (D:3)
  An orc wizard (D:4)
  Natasha (twice) (D:3)
  A worker ant (D:4)
  6 adders
  3 worms
  2 dart slugs
  2 giant geckos
  6 orcs
  A ball python (D:1)
  9 bats
  A giant cockroach (D:3)
  14 hobgoblins
  7 jackals (D:1)
  3 quokkas
  5 giant newts
  10 goblins
  7 kobolds
  9 rats
91 creatures vanquished.

Notes
Turn   | Place    | Note
--------------------------------------------------------------
     0 | Abyss:1  | Gargoyl the Demonspawn Abyssal Knight began the quest for the Orb.
     0 | Abyss:1  | Reached XP level 1. HP: 18/18 MP: 2/2
    41 | Abyss:2  | Noticed a raiju
    41 | Abyss:2  | Noticed a raiju
    41 | Abyss:2  | Noticed a raiju
    91 | Abyss:3  | Noticed a small abomination
    92 | D:1      | Escaped the Abyss
   173 | D:1      | Reached skill level 1 in Dodging
   174 | D:1      | Gained mutation: You are partially covered in icy blue scales (AC +1). [demonic ancestry]
   174 | D:1      | Reached XP level 2. HP: 4/24 MP: 4/4
   181 | D:1      | Reached * piety under Lugonu
   184 | D:1      | HP: 1/24 [hobgoblin (2)]
   186 | D:1      | Reached skill level 2 in Armour
   857 | D:1      | Gained mutation: You have a pair of small antennae on your head. [demonic ancestry]
   857 | D:1      | Reached XP level 3. HP: 21/29 MP: 5/5
  1451 | D:2      | Reached ** piety under Lugonu
  1500 | D:2      | Found a faded altar to an unknown god.
  1821 | D:2      | Gained mutation: You are partially covered in sharp spines. [demonic ancestry]
  1821 | D:2      | Reached XP level 4. HP: 16/35 MP: 6/6
  2400 | D:3      | Noticed drd's ghost (amateur OpAs)
  2408 | D:3      | Killed drd's ghost
  2408 | D:3      | Reached skill level 3 in Armour
  2408 | D:3      | Gained mutation: You have a pair of antennae on your head. [demonic ancestry]
  2408 | D:3      | Reached XP level 5. HP: 34/41 MP: 7/7
  2470 | D:3      | Reached skill level 1 in Stealth
  2632 | D:3      | Noticed Natasha
  2638 | D:3      | Killed Natasha
  2663 | D:3      | Noticed Natasha
  2665 | D:3      | Killed Natasha
  2747 | D:3      | Noticed an ogre
  2756 | D:3      | Killed an ogre
  2756 | D:3      | Gained mutation: You have a pair of large antennae on your head (SInv). [demonic ancestry]
  2756 | D:3      | Reached XP level 6. HP: 30/48 MP: 8/8
  3398 | D:4      | Reached *** piety under Lugonu
  3399 | D:4      | Reached skill level 4 in Armour
  3416 | D:4      | HP: 2/48 [poisoned by a worker ant]
  3421 | D:4      | HP: 1/48 [poisoned by a worker ant]
  3428 | D:4      | Succumbed to a worker ant's poison

Skill      XL: |  1  2  3  4  5  6 |
---------------+-------------------+-----
Dodging        | 1 2 3 |  3.6
Armour         | 2 3 4 |  4.0
Axes           | 2 |  2.6
Stealth        | 1 |  1.2
Fighting       | |  3.8
Invocations    | |  2.8

Action                   |  1- 3 |  4- 6 || total
-------------------------+-------+-------++-------
Melee: Hand axe          |   119 |    62 ||   181
Invok: Depart the Abyss  |     1 |       ||     1
  Use: Potion            |     1 |     3 ||     4
  Eat: Chunk             |     3 |     4 ||     7
Armor: Leather armour    |    57 |     4 ||    61
       Scale mail        |       |    20 ||    20
Dodge: Dodged            |   130 |    21 ||   151
